 Dungeon Crawl Stone Soup version 0.29-a0-555-g3b24f45cc1 (webtiles) character file.

Game seed: 14697224180483821437

564 thriggle the Sneak (level 7, -8/43 HPs)
             Began as an Octopode Enchanter on June 7, 2022.
             Was a Follower of Yredelemnul.
             Mangled by an orc
             ... wielding a +0 morningstar
              (9 damage)
             ... on level 4 of the Dungeon.
             The game lasted 00:18:04 (4764 turns).

thriggle the Sneak (Octopode Enchanter)             Turns: 4764, Time: 00:18:04

Health: -8/43      AC:  1    Str:  8    XL:     7   Next: 32%
Magic:  0/11       EV: 14    Int: 17    God:    Yredelemnul [*.....]
Gold:   204        SH:  0    Dex: 14    Spells: 1/12 levels left

rFire   . . .      SeeInvis .   a - +1 dagger
rCold   . . .      Faith    .   (no shield)
rNeg    . . .      Spirit   .   (helmet restricted)
rPois   .          Reflect  .   (no amulet)
rElec   .          Harm     .   e - ring of willpower
rCorr   .          Rampage  .   (no ring)
Will    ++...                   (no ring)
Stlth   ++++......              (no ring)
HPRegen 0.14/turn               (no ring)
MPRegen 0.12/turn               (no ring)
                                (no ring)
                                (no ring)

@: very slightly contaminated
A: almost no armour, amphibious, 8 rings, camouflage 1, gelatinous body 1,
(nimble swimmer 1), tentacles, tentacle spike 1, strong-willed 1
a: Renounce Religion, Recall Undead Harvest


You were on level 4 of the Dungeon.
You worshipped Yredelemnul.
Yredelemnul was noncommittal.
You visited 1 branch of the dungeon, and saw 4 of its levels.
You also visited: Ossuary.

You collected 204 gold pieces.

Inventory:

Hand Weapons
 a - a +1 dagger (weapon)
 s - a +1 vorpal spear
Missiles
 c - 78 stones (quivered)
 i - 16 poisoned darts
 n - 3 boomerangs of dispersal
Jewellery
 e - a ring of willpower (left tentacle)
Scrolls
 g - a scroll of fog
 o - a scroll of blinking
 p - a scroll of acquirement {unknown}
 q - 2 scrolls of brand weapon {unknown}
 r - 2 scrolls of fear {unknown}
 t - 5 scrolls of teleportation
 x - a scroll of enchant weapon {unknown}
 y - a scroll of enchant armour {unknown}
Potions
 b - a potion of invisibility
 d - 2 potions of experience {unknown}
 f - a potion of ambrosia {unknown}
 h - 3 potions of curing {unknown}
 j - 2 potions of magic {unknown}
 k - 2 potions of berserk rage {unknown}
 l - 4 potions of heal wounds {unknown}
 m - a potion of might {unknown}
 u - 3 potions of mutation
 v - 2 potions of flight {unknown}
 w - a potion of attraction {unknown}
 z - 2 potions of lignification {unknown}


   Skills:
 + Level 1.3 Fighting
 + Level 2.5 Short Blades
 + Level 2.0 Throwing
 + Level 3.3 Dodging
 + Level 5.4 Stealth
 + Level 3.0 Spellcasting
 * Level 4.5 Hexes
 - Level 2.0 Ice Magic
 - Level 2.0 Invocations


You had one spell level left.
You knew the following spells:

 Your Spells              Type           Power      Damage    Failure   Level
a - Ensorcelled Hibernat  Hex/Ice        26%        N/A       7%          2
b - Tukima's Dance        Hex            17%        N/A       9%          3
c - Confusing Touch       Hex            17%        N/A       9%          3
d - Dazzling Flash        Conj/Hex       20%        N/A       21%         3

Your spell library contained the following spells:

 Spells                   Type           Power      Damage    Failure   Level
 Spider Form              Tmut/Pois      2%         N/A       45%         3
 Anguish                  Hex/Necr       5%         N/A       56%         4


Dungeon Overview and Level Annotations

Branches:
Dungeon (4/15)             Temple (0/1) D:4         Ossuary (visited)

Altars:
Yredelemnul


Innate Abilities, Weirdness & Mutations

You cannot wear most types of armour.
You are amphibious.
You can wear up to eight rings at the same time.
Your skin changes colour to match your surroundings (Stealth+).
Your rubbery body absorbs attacks. (AC +1, EV +1)
((You are camouflaged when in or above water. (Stealth+)))
You have tentacles for arms and can constrict up to eight enemies at once.
One of your tentacles bears a spike.
You are strong-willed. (Will+)


Message History

Natasha is destroyed!
The orc hits you with a +0 mace.
Casting: Confusing Touch (dangerous; 9% risk of failure)
Confirm with . or Enter, or press ? or * to list all spells.
Aiming: Tukima's Dance (dangerous; 9% risk of failure)
Press: ? - help, Shift-Dir - straight line, f - orc
Aim: an orc, wielding a +0 morningstar (chance to confuse on hit: 67%, chance to affect: 67%)
You miscast Tukima's Dance.
You are very lightly contaminated with residual magic.
Nothing appears to happen.
The orc hits you with a +0 mace.
* * * LOW HITPOINT WARNING * * *
The orc barely misses you. The orc attacks as you move away!
The orc hits you with a +0 mace.
* * * LOW HITPOINT WARNING * * *
Your orc zombie hits the orc priest.
The orc priest hits your orc zombie with a +0 whip.
Casting: Tukima's Dance (dangerous; 9% risk of failure)
Confirm with . or Enter, or press ? or * to list all spells.
Aiming: Tukima's Dance (dangerous; 9% risk of failure)
Press: ? - help, Shift-Dir - straight line, f/p - orc
Aim: an orc, wielding a +0 morningstar (chance to confuse on hit: 67%, chance to affect: 67%)
The orc struggles to resist.
Your orc zombie hits the orc priest but does no damage.
The orc priest hits your orc zombie with a +0 whip.
The orc closely misses you. x2
Casting: Tukima's Dance (dangerous; 9% risk of failure)
Confirm with . or Enter, or press ? or * to list all spells.
Aiming: Ensorcelled Hibernation (safe; 7% risk of failure)
Press: ? - help, Shift-Dir - straight line, f - orc, p - orc
Aim: an orc, wielding a +0 mace (chance to confuse on hit: 67%, chance to affect: 64%)
The orc looks drowsy...
The orc hits you with a +0 club.
* * * LOW HITPOINT WARNING * * *
The orc priest hits your orc zombie with a +0 whip.
Your orc zombie is destroyed!
The orc barely misses you.
Your orc zombie hits the orc priest.
The helpless orc fails to defend itself.
You hit the orc but do no damage.
The orc appears confused.
Your grab misses the orc. The orc hits you with a +0 morningstar!
You die...
Your body rises from the dead as a mindless zombie.

,,,....#.#.........#...........##
,,,...####.......###............#
,,,........................#...##
,,,###.#.#.................#..###
**,,**,###...###..###.........##.
,,,,,,,......###.##*#.....#..#...
g.),..(.....##....#.......#..#...
..............Zo.##.....###......
............Z..o@!...............
.,..........oZ.o.................
.##..............................
##..........................8..##
##...#*,.......................##
....##**..................8...8##
..)..#...........................
............................8....
...##....#...##................#.


You could see an orc priest (distracted, ally target), 3 orcs, 2 friendly orc
zombies and a friendly orc priest zombie.

Vanquished Creatures
  A black bear (D:4)
  A scorpion (D:3)
  2 centaur zombies (Ossuary)
  A human zombie (Ossuary)
  3 hounds
  An orc priest (D:4)
  Natasha (D:4)
  A hound zombie (D:4)
  3 mummies (Ossuary)
  3 gnolls
  3 adders
  A worm (D:3)
  3 dart slugs
  An orc (D:4)
  7 ball pythons
  3 bats
  4 endoplasms
  3 giant cockroaches
  6 goblins
  3 hobgoblins
  2 quokkas
  3 frilled lizards
  4 kobolds
  5 orc zombies (Ossuary)
  3 rats
68 creatures vanquished.

Vanquished Creatures (collateral kills)
  A gnoll (D:3)
  2 orcs (D:4)
  2 endoplasms
  2 quokkas
  4 ball pythons
  A kobold (D:2)
  A rat (D:2)
13 creatures vanquished.

Vanquished Creatures (others)
  A scorpion zombie (D:3)
  A worm zombie (D:3)
  A felid zombie (D:4)
  2 ball python zombies (D:3)
  An endoplasm zombie (D:3)
  A hobgoblin zombie (D:3)
  An orc zombie (D:4)
  A quokka zombie (D:4)
  A plant (D:1)
10 creatures vanquished.

Grand Total: 91 creatures vanquished

Notes
Turn   | Place    | Note
-------+----------+-------------------------------------------
     0 | D:1      | thriggle the Octopode Enchanter began the quest for the
                  | Orb.
     0 | D:1      | Reached XP level 1. HP: 11/11 MP: 3/3
   148 | D:1      | Found a faded altar of an unknown god.
   155 | D:1      | Prayed at the altar of an unknown god.
   155 | D:1      | Became a worshipper of Yredelemnul the Dark
   352 | D:1      | Reached * piety under Yredelemnul
   352 | D:1      | Reached XP level 2. HP: 17/17 MP: 5/5
   357 | D:1      | Learned a level 2 spell: Ensorcelled Hibernation
  1170 | D:2      | Reached XP level 3. HP: 21/21 MP: 6/6
  2168 | D:2      | Reached ** piety under Yredelemnul
  2570 | D:3      | Reached XP level 4. HP: 27/27 MP: 7/7
  3131 | D:3      | Noticed a scorpion
  3133 | D:3      | Killed a scorpion
  3134 | D:3      | Reached skill level 1 in Throwing
  3134 | D:3      | Reached skill level 1 in Ice Magic
  3134 | D:3      | Reached skill level 1 in Invocations
  3134 | D:3      | Reached XP level 5. HP: 31/31 MP: 8/8
  3144 | D:3      | Learned a level 3 spell: Tukima's Dance
  3148 | D:3      | Learned a level 3 spell: Confusing Touch
  3649 | D:3      | Reached skill level 5 in Stealth
  3649 | D:3      | Reached XP level 6. HP: 7/36 MP: 1/10
  3760 | D:4      | Found a sand-covered staircase.
  3769 | Ossuary  | Entered an ossuary
  3969 | Ossuary  | Gained mutation: One of your tentacles bears a spike.
                  | [potion of mutation]
  3969 | Ossuary  | Gained mutation: You are strong-willed. (Will+) [potion of
                  | mutation]
  4480 | D:4      | Noticed a black bear
  4534 | D:4      | Killed a black bear
  4535 | D:4      | Reached skill level 1 in Fighting
  4535 | D:4      | Reached XP level 7. HP: 24/43 MP: 5/11
  4549 | D:4      | Learned a level 3 spell: Dazzling Flash
  4670 | D:4      | Noticed Natasha
  4679 | D:4      | Killed Natasha
  4759 | D:4      | Your ally Natasha died
  4763 | D:4      | HP: 1/43 [orc/+0 club (4)]
  4764 | D:4      | Mangled by an orc

Illustrated notes

Levels and vault maps discovered:
D:1:      dpeg_arrival_fog, layout_basic, dilly_ecumenical_altar_fadedgnrine
D:2:      layout_basic
D:3:      layout_basic
D:4:      layout_cave_pools, minmay_temple_entry_ruins,
          nicolae_ossuary_entry_monument, uniq_natasha

Skill      XL: |  1  2  3  4  5  6 |
---------------+-------------------+-----
Throwing       | 1 2 |  2.0
Ice Magic      | 1 2 |  2.0
Invocations    | 1 2 |  2.0
Short Blades   | 2 |  2.5
Stealth        | 5 |  5.4
Hexes          | 4 |  4.5
Dodging        | 3 |  3.3
Fighting       | 1 |  1.3
Spellcasting   | 3 |  3.0

Action                   |  1- 3 |  4- 6 |  7- 9 || total
-------------------------+-------+-------+-------++-------
Melee: Dagger            |    48 |    82 |    13 ||   143
       Constrict         |     9 |    18 |     5 ||    32
       Tentacles         |     8 |    22 |     7 ||    37
       Kick              |       |    23 |     4 ||    27
       Punch             |       |     1 |       ||     1
 Cast: Ensorcelled Hiber |    12 |    10 |     1 ||    23
       Confusing Touch   |       |    11 |     3 ||    14
       Tukima's Dance    |       |       |     1 ||     1
Invok: Recall Undead Har |     3 |     2 |       ||     5
  Use: Scroll            |       |     6 |       ||     6
       Potion            |       |     2 |       ||     2
 Stab: Sleeping          |    13 |    13 |     1 ||    27
       Invisible         |       |     1 |       ||     1
       Confused          |       |     5 |     1 ||     6
Armor: Skin              |     3 |     1 |       ||     4
Dodge: Dodged            |    29 |    44 |    14 ||    87

Table legend: (Time is in decaauts)
 A = Elapsed time spent in this place.
 B = Non-inter-level travel time spent in this place.
 C = Inter-level travel time spent in this place.
 D = Time resting spent in this place.
 E = Time spent auto-exploring this place.
 F = Levels seen in this place.
 G = Mean time per level.
                   A        B        C        D        E       F      G
               +--------+--------+--------+--------+--------+-----+--------+
         Total |   4751 |   4660 |     91 |   1118 |   2073 |   5 |  950.2 |
       Dungeon |   4045 |   3954 |     91 |    694 |   2073 |   4 | 1011.2 |
       Ossuary |    705 |    705 |      0 |    424 |      0 |   1 |  705.0 |
               +--------+--------+--------+--------+--------+-----+--------+

Top non-repeatable levels by time:
     D:3: 1521 daAuts
     D:2: 1162 daAuts
     D:1: 1019 daAuts
 Ossuary: 705 daAuts
     D:4: 342 daAuts
